 Dungeon Crawl Stone Soup version 0.23-a0-315-ga85b81c (webtiles) character file.

331 epen the Skirmisher (level 6, -2/53 HPs)
             Began as a Gnoll Abyssal Knight on Oct 13, 2018.
             Was a Priest of Lugonu.
             Killed by nerve-wracking pain
             ... invoked by an orc priest
              (13 damage)
             ... on level 4 of the Dungeon.
             The game lasted 00:03:56 (2999 turns).

epen the Skirmisher (Gnoll Abyssal Knight)          Turns: 2999, Time: 00:03:57

Health: -2/53      AC:  4    Str: 17    XL:     6   Next: 52%
Magic:  9/9        EV: 19    Int: 14    God:    Lugonu [***...]
Gold:   147        SH:  0    Dex: 19    Spells: 9/9 levels left

rFire    . . .     SeeInvis .   a - +1 falchion
rCold    . . .     Gourm    .   (no shield)
rNeg     . . .     Faith    .   b - +0 leather armour
rPois    .         Spirit   .   o - +0 helmet
rElec    .         Reflect  .   (no cloak)
rCorr    .         Harm     .   (no gloves)
MR       .....                  (no boots)
Stlth    +++.......             (no amulet)
HPRegen  0.17/turn              (no ring)
MPRegen  0.11/turn              (no ring)

@: agile, flying
A: distributed training, fangs 1, strong nose
a: Depart the Abyss, Bend Space, Banish, Renounce Religion


You were on level 4 of the Dungeon.
You worshipped Lugonu.
Lugonu was most pleased with you.
You were hungry.

You visited 1 branch of the dungeon, and saw 4 of its levels.
You visited the Abyss 1 time.

You collected 147 gold pieces.

Inventory:

Hand Weapons
 a - a +1 falchion (weapon)
 p - a +0 morningstar
Armour
 b - a +0 leather armour (worn)
 o - a +0 helmet (worn)
Jewellery
 m - an uncursed ring of fire
Scrolls
 d - a scroll of remove curse {unknown}
 e - 3 scrolls of identify {unknown}
 f - 4 scrolls of teleportation {unknown}
 h - a scroll of enchant weapon {unknown}
 j - 2 scrolls of amnesia {unknown}
 n - a scroll of immolation {unknown}
Potions
 g - a potion of flight
 i - 2 potions of agility
 k - 2 potions of curing {unknown}
 l - a potion of degeneration {unknown}
Comestibles
 c - 10 rations


   Skills:
 + Level 6.8 Fighting
 + Level 2.0 Short Blades
 + Level 5.0 Long Blades
 + Level 2.0 Axes
 + Level 2.0 Maces & Flails
 + Level 2.0 Polearms
 + Level 2.0 Staves
 + Level 2.0 Slings
 + Level 2.0 Bows
 + Level 2.0 Crossbows
 + Level 2.0 Throwing
 + Level 5.0 Armour
 + Level 3.2 Dodging
 + Level 2.0 Stealth
 + Level 2.0 Shields
 + Level 2.0 Unarmed Combat
 + Level 2.0 Spellcasting
 + Level 1.5 Conjurations
 + Level 1.5 Hexes
 + Level 1.5 Charms
 + Level 1.5 Summonings
 + Level 1.5 Necromancy
 + Level 1.5 Translocations
 + Level 1.5 Transmutations
 + Level 1.5 Fire Magic
 + Level 1.5 Ice Magic
 + Level 1.5 Air Magic
 + Level 1.5 Earth Magic
 + Level 1.5 Poison Magic
 + Level 5.1 Invocations
 + Level 2.0 Evocations


You had 9 spell levels left.
You didn't know any spells.
Your spell library contained the following spells:

 Spells                   Type           Power        Failure   Level  Hunger
 Corona                   Hex            #......      16%         1    ##.....
 Ensorcelled Hibernation  Hex/Ice        #.....       22%         2    ###....
 Confuse                  Hex            #.......     41%         3    ####...
 Dazzling Spray           Conj/Hex       #.....       41%         3    ####...
 Tukima's Dance           Hex            #.......     41%         3    ####...


Dungeon Overview and Level Annotations

Branches:
Dungeon (4/15)
 Temple: D:4-7

Altars:
Ashenzari


Innate Abilities, Weirdness & Mutations

Your experience applies equally to all skills.
You have very sharp teeth.
Your uncanny sense of smell can sniff out nearby items.


Message History

You closely miss the orc priest.
The orc priest is almost dead.
The orc priest looks encouraged for a moment.
You hit the orc priest but do no damage.
The orc priest is almost dead.
The orc priest completely misses you.
You hit the orc priest but do no damage.
Your bite misses the orc priest.
The orc priest is almost dead.
The orc priest hits you with a dagger.
* * * LOW HITPOINT WARNING * * *
You hit the orc priest but do no damage.
You bite the orc priest, but do no damage.
The orc priest is almost dead.
The orc priest hits you but does no damage.
You hit the orc priest but do no damage.
The orc priest is almost dead.
The orc priest calls down the wrath of Beogh upon you.
Pain shoots through your body!
You die...

∆ .## ... ..# ....
#.# ...... #.#
...... #.#
......#### #.#
.........####.##.#
.........'.@o....#
.........#####.###
.......†.# .#
.........# ..
......†..# #.#
.........##### ..
.............# ##.
#########.#### ∆ #
#.#


You could see an orc priest.

Vanquished Creatures
  A phantom (D:4)
  A scorpion (D:4)
  An iguana (D:4)
  Terence (D:3)
  A hound skeleton (D:4)
  5 adders
  2 worms
  A dart slug (D:2)
  3 leopard geckos
  4 orcs
  2 ball pythons
  2 giant cockroaches
  5 goblins
  7 hobgoblins
  7 jackals (D:1)
  A quokka (D:3)
  7 bats
  3 frilled lizards
  8 kobolds
  13 rats
75 creatures vanquished.

Vanquished Creatures (others)
  A fungus (D:2)
1 creature vanquished.

Grand Total: 76 creatures vanquished

Notes
Turn   | Place    | Note
-------+----------+-------------------------------------------
     0 | Abyss:1  | epen the Gnoll Abyssal Knight began the quest for the Orb.
     0 | Abyss:1  | Reached XP level 1. HP: 23/23 MP: 3/3
     9 | D:1      | Escaped the Abyss
    63 | D:1      | Reached XP level 2. HP: 22/29 MP: 5/5
   428 | D:1      | Reached ** piety under Lugonu
   501 | D:1      | Reached XP level 3. HP: 26/35 MP: 6/6
   910 | D:2      | Reached skill level 1 in Short Blades
   910 | D:2      | Reached skill level 1 in Axes
   910 | D:2      | Reached skill level 1 in Maces & Flails
   910 | D:2      | Reached skill level 1 in Polearms
   910 | D:2      | Reached skill level 1 in Staves
   910 | D:2      | Reached skill level 1 in Slings
   910 | D:2      | Reached skill level 1 in Bows
   910 | D:2      | Reached skill level 1 in Crossbows
   910 | D:2      | Reached skill level 1 in Throwing
   910 | D:2      | Reached skill level 1 in Stealth
   910 | D:2      | Reached skill level 1 in Shields
   910 | D:2      | Reached skill level 1 in Unarmed Combat
   910 | D:2      | Reached skill level 1 in Spellcasting
   910 | D:2      | Reached skill level 1 in Evocations
   910 | D:2      | Reached XP level 4. HP: 18/41 MP: 7/7
  1357 | D:2      | Found a shattered altar of Ashenzari.
  1362 | D:2      | Saw a vision of the Swamp and the Snake Pit.
  1362 | D:2      | Noticed a naga mage
  1362 | D:2      | Noticed an anaconda
  1362 | D:2      | Noticed a black mamba
  1362 | D:2      | Noticed a black mamba
  1362 | D:2      | Noticed a naga warrior
  1362 | D:2      | Noticed a swamp drake
  1362 | D:2      | Noticed a naga ritualist
  1362 | D:2      | Noticed a naga warrior
  1943 | D:3      | Noticed Terence
  1949 | D:3      | Killed Terence
  1949 | D:3      | Reached skill level 1 in Conjurations
  1949 | D:3      | Reached skill level 1 in Hexes
  1949 | D:3      | Reached skill level 1 in Charms
  1949 | D:3      | Reached skill level 1 in Summonings
  1949 | D:3      | Reached skill level 1 in Necromancy
  1949 | D:3      | Reached skill level 1 in Translocations
  1949 | D:3      | Reached skill level 1 in Transmutations
  1949 | D:3      | Reached skill level 1 in Fire Magic
  1949 | D:3      | Reached skill level 1 in Ice Magic
  1949 | D:3      | Reached skill level 1 in Air Magic
  1949 | D:3      | Reached skill level 1 in Earth Magic
  1949 | D:3      | Reached skill level 1 in Poison Magic
  2069 | D:3      | epen: !lg . log
  2069 | D:3      | beem: 1400. epen, XL27 GnTm, T:65194:
                  | https://crawl.xtahua.com/crawl/morgue/epen/morgue-epen-2018
                  | 1013-032620.txt
  2132 | D:3      | Reached XP level 5. HP: 47/47 MP: 8/8
  2667 | D:4      | Noticed a phantom
  2697 | D:4      | Killed a phantom
  2697 | D:4      | Reached skill level 5 in Invocations
  2697 | D:4      | Reached XP level 6. HP: 26/53 MP: 9/9
  2959 | D:4      | Reached *** piety under Lugonu
  2965 | D:4      | Reached skill level 5 in Long Blades
  2965 | D:4      | Reached skill level 5 in Armour
  2999 | D:4      | Killed from afar by an orc priest

Vault maps used:
D:1:      eino_arrival_tree_alley, minmay_rat_gold_closets
D:2:      grunt_ashenzari_visionary
D:3:      uniq_terence
D:4:      first_ration, eino_small_chamber_without_monster,
          makhleb_blood_cavern_becter
Abyss:1:  gammafunk_abyss_exit_x_factor, evilmike_abyss_exit_mutagenic

Skill      XL: |  1  2  3  4  5  6 |
---------------+-------------------+-----
Short Blades   | 1 2 |  2.0
Axes           | 1 2 |  2.0
Maces & Flails | 1 2 |  2.0
Polearms       | 1 2 |  2.0
Staves         | 1 2 |  2.0
Slings         | 1 2 |  2.0
Bows           | 1 2 |  2.0
Crossbows      | 1 2 |  2.0
Throwing       | 1 2 |  2.0
Stealth        | 1 2 |  2.0
Shields        | 1 2 |  2.0
Unarmed Combat | 1 2 |  2.0
Spellcasting   | 1 2 |  2.0
Evocations     | 1 2 |  2.0
Conjurations   | 1 |  1.5
Hexes          | 1 |  1.5
Charms         | 1 |  1.5
Summonings     | 1 |  1.5
Necromancy     | 1 |  1.5
Translocations | 1 |  1.5
Transmutations | 1 |  1.5
Fire Magic     | 1 |  1.5
Ice Magic      | 1 |  1.5
Air Magic      | 1 |  1.5
Earth Magic    | 1 |  1.5
Poison Magic   | 1 |  1.5
Dodging        | 3 |  3.2
Invocations    | 5 |  5.1
Long Blades    | 5 |  5.0
Armour         | 5 |  5.0
Fighting       | |  6.8

Action                   |  1- 3 |  4- 6 || total
-------------------------+-------+-------++-------
Melee: Falchion          |    90 |   131 ||   221
       Bite              |    11 |    19 ||    30
  Use: Potion            |       |     2 ||     2
 Stab: Sleeping          |     3 |     4 ||     7
       Distracted        |       |     1 ||     1
  Eat: Chunk             |       |     6 ||     6
Armor: Leather armour    |    29 |    18 ||    47
Dodge: Dodged            |    79 |    80 ||   159
       Rpst.: Falchion   |    22 |    27 ||    49

Table legend:
 A = Non-vault XP
 B = Vault XP
 C = Vault XP percentage of total XP
 D = Non-vault monster count
 E = Vault monster count
 F = Vault count percentage of total count
                 A         B        C        D         E       F
            +---------+---------+-------+---------+---------+-------
      Total |     431 |      43 |   9.1 |      67 |       8 |  10.7
            +---------+---------+-------+---------+---------+-------
        D:1 |      38 |       7 |  15.6 |      25 |       7 |  21.9
        D:2 |      68 |       0 |   0.0 |      17 |       0 |   0.0
        D:3 |      39 |      36 |  48.0 |      12 |       1 |   7.7
        D:4 |     286 |       0 |   0.0 |      13 |       0 |   0.0
            +---------+---------+-------+---------+---------+-------
